 Dungeon Crawl Stone Soup version 0.19-a0-1720-gc855d72 (webtiles) character file.

39 esc the Firebug (level 3, 18/19 HPs)
             Began as a Deep Elf Fire Elementalist on Sept 29, 2016.
             Was a Follower of Fedhas.
             Quit the game on level 2 of the Dungeon.
             The game lasted 00:04:31 (910 turns).

esc the Firebug (Deep Elf Fire Elementalist)         Turns: 910, Time: 00:04:32

Health: 18/19      AC:  3    Str:  5    XL:     3   Next: 26%
Magic:  5/10       EV: 13    Int: 20    God:    Fedhas [*.....]
Gold:   86         SH:  0    Dex: 15    Spells: 1 memorised, 8 levels left

rFire  . . .     SeeInvis .     g - +0 spear
rCold  . . .     Gourm    .     a - +0 robe
rNeg   . . .     Faith    .     (no shield)
rPois  .         Spirit   .     (no helmet)
rElec  .         Dismiss  .     (no cloak)
rCorr  .         Reflect  .     (no gloves)
MR     .....     Harm     .     (no boots)
Stlth  +++.......               (no amulet)
                                (no ring)
                                f - ring of stealth {Stlth+}

@: very slightly contaminated
A: no striking features
a: Evolution, Renounce Religion


You were on level 2 of the Dungeon.
You worshipped Fedhas.
Fedhas was aware of your devotion.
You were not hungry.

You visited 1 branch of the dungeon, and saw 2 of its levels.

You collected 86 gold pieces.

Inventory:

Hand Weapons
 g - a +0 spear (weapon)
   (You found it on level 1 of the Dungeon)
 r - a +2 hand axe of chopping
   (You found it on level 2 of the Dungeon)
Missiles
 d - 7 poisoned needles
 e - 98 stones (quivered)
Armour
 a - a +0 robe (worn)
Jewellery
 f - a ring of stealth (left hand) {Stlth+}
   (You found it on level 2 of the Dungeon)
Scrolls
 j - a scroll of identify {unknown}
 m - a scroll of noise {unknown}
 q - 2 scrolls of teleportation {unknown}
 s - a scroll of fear {unknown}
 t - a scroll of remove curse {unknown}
Potions
 k - a potion of flight {unknown}
 l - a potion of agility {unknown}
 p - a potion of curing {unknown}
Books
 b - a book of Flames
Comestibles
 c - a bread ration {@e1}
 h - a slice of pizza
 i - 3 beef jerkies
 n - a royal jelly
 o - 6 chunks of flesh {@w0}


   Skills:
 + Level 3.1 Dodging
 + Level 3.0 Stealth
 + Level 3.5 Spellcasting
 + Level 1.4 Conjurations
 + Level 3.6 Fire Magic


You had 8 spell levels left.
You knew the following spells:

 Your Spells              Type           Power        Failure   Level  Hunger
a - Flame Tongue          Conj/Fire      ##...        6%          1    None


Dungeon Overview and Level Annotations

Branches:
Dungeon (2/15)

Altars:
Ashenzari
Fedhas
The Shining One


Message History

The flame tongue hits the rat.
You kill the rat!
Your Dodging skill increases to level 3!
You now have 7/10 mp.
An adder comes into view.
Aim: a goblin (resting)
The flame tongue hits the goblin.
You kill the goblin!
You now have 7/10 mp.
Aim: a worm The flame tongue hits the worm.
You now have 6/10 mp.
You can't see any susceptible monsters within range! (Use Z to cast anyway.)
Aim: a worm (lightly wounded)
The flame tongue hits the worm.
You now have 5/10 mp.
Aim: a worm (moderately wounded)
The flame tongue hits the worm.
You now have 4/10 mp.
Aim: a worm (severely wounded)
The flame tongue hits the worm.
You now have 3/10 mp.
Aim: a worm (severely wounded)
The flame tongue hits the worm.
You now have 3/10 mp.
Aim: a worm (severely wounded)
You miscast Flame Tongue.
You are very lightly contaminated with residual magic.
Nothing appears to happen.
You now have 2/10 mp.
Aim: a worm (severely wounded)
The flame tongue hits the worm.
You kill the worm!
Your Stealth skill increases to level 3!
You now have 1/10 mp.
You start resting.
Your magical contamination has completely faded away.
You regained 2 mp, and now have 3/10 mp.
You now have 86 gold pieces (gained 9).
There is a stone staircase leading up here.
You see here a club.
Found a stone staircase leading down.
You regained 3 mp, and now have 6/10 mp.
Found a faded altar of an unknown god.
A rat comes into view.
Aim: a rat The flame tongue hits the rat.
You now have 6/10 mp.
You completely miss the rat. The rat bites you but does no damage.
You closely miss the rat. The rat barely misses you.
You hit the rat but do no damage. The rat bites you.
You take 3 damage, and have 16/19 hp.
You hit the rat but do no damage. The rat bites you but does no damage.
You hit the rat.
You kill the rat!
No target in view!
You see here a rat corpse.
You butcher the rat corpse.
o - 11 chunks of flesh {@w0} (gained 1) Some of the chunks of flesh in your inventory have rotted away.
A hobgoblin comes into view.
There is a faded altar of an unknown god here.
Aim: a hobgoblin (resting)
You miscast Flame Tongue.
You are very lightly contaminated with residual magic.
You smell something strange.
You now have 7/10 mp.
Attack whom?
Aim: a hobgoblin (resting)
You reach to attack!
The helpless hobgoblin fails to defend itself.
You hit the hobgoblin but do no damage.
Aim: a hobgoblin The flame tongue hits the hobgoblin.
The hobgoblin appears unharmed.
The hobgoblin hits you but does no damage.
You now have 6/10 mp.
Aim: a hobgoblin You miscast Flame Tongue.
Nothing appears to happen.
The hobgoblin closely misses you.
You now have 5/10 mp.
Aim: a hobgoblin The flame tongue hits the hobgoblin.
The hobgoblin misses you.
Aim: a hobgoblin (severely wounded)
The flame tongue hits the hobgoblin.
You kill the hobgoblin!
You now have 4/10 mp.
Found an escape hatch in the floor.
t - a scroll labeled HAROWKE ZAWNO Some of the chunks of flesh in your inventory have rotted away.
There is a faded altar of an unknown god here.
A faded altar of an unknown god.
There is a faded altar of an unknown god here.
You cannot tell which god this altar belongs to.
Convert to them anyway?
Fedhas accepts your prayer! Fedhas welcomes you!
The plants of the dungeon cease their hostilities.
You can now pray to speed up the decay of corpses.
You can now induce evolution.
Quiver which item? (- for none, * to show all) (? for menu, Esc to quit)
Okay, then.

..........#
#.........##########
...._..............#
#.#...#....###.>.#.#
)######..#.##......##
#.## ##.##..........#
##.###<)........8...#
###.#..#####...8.8..## #
##.#.# #..8.@.8..# #
#...# #...8.8...# # #..##
#....8....# # ##..#
##.........####
###...###................
..........##.#####..####.
###...######.# ..# #
##.##### #.. ..# #
#......# #.# ..#


There were no monsters in sight!

Vanquished Creatures
  2 worms (D:2)
  2 dart slugs
  5 bats
  5 goblins
  4 hobgoblins
  4 kobolds
  4 frilled lizards
  4 rats (D:2)
30 creatures vanquished.

Notes
Turn   | Place    | Note
-------+----------+-------------------------------------------
     0 | D:1      | esc the Deep Elf Fire Elementalist began the quest for the Orb.
     0 | D:1      | Reached XP level 1. HP: 10/10 MP: 6/6
   202 | D:1      | Reached XP level 2. HP: 15/15 MP: 5/8
   778 | D:2      | Reached XP level 3. HP: 19/19 MP: 6/10
   797 | D:2      | Found a shattered altar of Ashenzari.
   797 | D:2      | Found a glowing golden altar of the Shining One.
   812 | D:2      | Reached skill level 3 in Dodging
   828 | D:2      | Reached skill level 3 in Stealth
   871 | D:2      | Found a faded altar of an unknown god.
   910 | D:2      | Became a worshipper of Fedhas Madash
   910 | D:2      | Reached * piety under Fedhas
   910 | D:2      | Quit the game

Vault maps used:
D:1:      noname_arrival_rooms_in_the_neighbourhood, amethyst_killhole,
          interstate_on_off
D:2:      grunt_temple_overflow_opulence, grunt_temple_overflow_open,
          ecumenical_altar_2

Skill      XL: |  1  2  3 |
---------------+----------+-----
Dodging        | 3 |  3.1
Stealth        | 3 |  3.0
Spellcasting   | |  3.5
Conjurations   | |  1.4
Fire Magic     | |  3.6

Action                   || total
-------------------------++-------
Melee: Spear             ||    17
 Cast: Flame Tongue      ||    48
 Stab: Sleeping          ||     5
Armor: Robe              ||     7
Dodge: Dodged            ||    12

Vault maps used:
D:1:      noname_arrival_rooms_in_the_neighbourhood, amethyst_killhole,
          interstate_on_off
D:2:      grunt_temple_overflow_opulence, grunt_temple_overflow_open,
          ecumenical_altar_2

Table legend:
 A = Turns spent in this place as a percentage of turns spent in the entire game.
 B = Non-inter-level travel turns spent in this place as a percentage of non-inter-level travel turns spent in the entire game.
 C = Inter-level travel turns spent in this place as a percentage of turns spent in this place.
 D = Turns resting spent in this place as a percentage of non-inter-level travel turns spent in this place.
 E = Turns spent auto-exploring this place as a percentage of non-inter-level travel turns spent in this place.
 F = Non-inter-level travel turns spent in this place divided by the number of levels of this place that you've seen.
                   A       B       C       D       E      F
               +-------+-------+-------+-------+-------+----------------------
         Total | 100.0 | 100.0 |   0.3 |   0.6 |  10.1 | 164.0
       Dungeon | 100.0 | 100.0 |   0.3 |   0.6 |  10.1 | 164.0
               +-------+-------+-------+-------+-------+----------------------

Table legend:
 A = Kills in this place as a percentage of kills in entire the game.
 B = Kills by you in this place as a percentage of kills by you in the entire game.
 C = Kills by friends in this place as a percentage of kills by friends in the entire game.
 D = Other kills in this place as a percentage of other kills in the entire game.
 E = Experience gained in this place as a percentage of experience gained in the entire game.
 F = Experience gained in this place divided by the number of levels of this place that you have seen.
                   A       B       C       D       E      F
               +-------+-------+-------+-------+-------+----------------------
         Total | 100.0 | 100.0 |  -nan |  -nan | 100.0 |  28.0
       Dungeon | 100.0 | 100.0 |  -nan |  -nan | 100.0 |  28.0
               +-------+-------+-------+-------+-------+----------------------
